 Dungeon Crawl Stone Soup version 0.23.2-40-g277498a001 (webtiles) character file.

Game seed: 17717873656099618195

4666 Kikorro the Cleaver (level 10, 0/88 HPs)
             Began as a Hill Orc Fighter on Sept 12, 2019.
             Was a Priest of Okawaru.
             Slain by Erica
             ... wielding a +4 scimitar of flaming
              (5 damage)
             ... on level 8 of the Dungeon.
             The game lasted 00:27:21 (9468 turns).

Kikorro the Cleaver (Hill Orc Fighter)              Turns: 9468, Time: 00:27:21

Health: 0/88       AC: 16    Str: 23    XL:     10   Next: 44%
Magic:  8/10       EV: 11    Int:  8    God:    Okawaru [***...]
Gold:   440        SH: 13    Dex: 10    Spells: 9/9 levels left

rFire    . . .     SeeInvis .   a - +0 war axe
rCold    . . .     Gourm    .   c - +0 shield
rNeg     . . .     Faith    .   m - +0 chain mail
rPois    .         Spirit   .   n - +0 helmet (curse)
rElec    .         Reflect  .   B - +1 cloak
rCorr    .         Harm     .   (no gloves)
MR       .....                  (no boots)
Stlth    ..........             z - amulet of rage
HPRegen  0.24/turn              (no ring)
MPRegen  0.12/turn              (no ring)

@: lethally poisoned (0 -> -1), heroism
A: no striking features
a: Heroism, Renounce Religion, Evoke Berserk Rage


You were on level 8 of the Dungeon.
You worshipped Okawaru.
Okawaru was most pleased with you.
You were not hungry.

You visited 2 branches of the dungeon, and saw 9 of its levels.
You visited the Abyss 1 time.

You collected 440 gold pieces.

Inventory:

Hand Weapons
 a - a +0 war axe (weapon)
Armour
 c - a +0 shield (worn)
 m - a +0 chain mail (worn)
 n - a cursed +0 helmet (worn)
 r - a +0 scale mail of fire resistance
 B - a +1 cloak (worn)
Jewellery
 z - an amulet of rage (around neck)
Wands
 v - a wand of acid (7)
 w - a wand of iceblast (10)
Scrolls
 b - 4 scrolls of remove curse
 g - 2 scrolls of magic mapping
 h - 3 scrolls of immolation
 i - 5 scrolls of enchant armour
 k - 2 scrolls of teleportation
 s - 3 scrolls of acquirement {unknown}
 t - a scroll of enchant weapon {unknown}
 u - a scroll of fear {unknown}
 y - 2 scrolls of amnesia {unknown}
Potions
 d - 2 potions of might
 e - 2 potions of flight
 j - 5 potions of curing
 l - a potion of mutation
 o - 3 potions of brilliance
 p - 2 potions of lignification
 q - 2 potions of ambrosia
 x - a potion of cancellation
 A - a potion of resistance
 C - a potion of heal wounds {unknown}
Comestibles
 f - 10 rations
 D - a chunk of flesh


   Skills:
 + Level 8.2(13.2) Fighting
 + Level 12.3(17.3) Axes
 + Level 7.3(12.3) Armour
 + Level 1.7(6.7) Dodging
 - Level 0.3(5.3) Stealth
 + Level 8.5(13.5) Shields
 + Level 1.0 Invocations
 + Level 1.0 Evocations


You had 9 spell levels left.
You didn't know any spells.
Your spell library contained the following spells:

 Spells                   Type           Power        Failure   Level  Hunger
 Animate Skeleton         Necr           N/A          95%         1    ##.....
 Apportation              Tloc           #.....       95%         1    ##.....
 Confusing Touch          Hex            #.....       95%         1    ##.....
 Corona                   Hex            #......      95%         1    ##.....
 Summon Small Mammal      Summ           #...         95%         1    ##.....
 Slow                     Hex            #.......     99%         2    ###....
 Inner Flame              Hex/Fire       #.......     100%        3    ####...
 Portal Projectile        Hex/Tloc       #.....       100%        3    ####...
 Cause Fear               Hex            #.........   100%        4    #####..
 Leda's Liquefaction      Hex/Erth       #.........   100%        4    #####..


Dungeon Overview and Level Annotations

Branches:
Dungeon (8/15)             Temple (1/1) D:4
   Lair: D:8-11

Altars:
Ashenzari
Cheibriados
Dithmenos
Elyvilon
Gozag
Hepliaklqana
Kikubaaqudgha
Makhleb
Nemelex Xobeh
Okawaru
Qazlal
Trog
Vehumet
Wu Jian
Xom
Yredelemnul
Zin
The Shining One

Annotations:
D:8 Erica


Message History

You closely miss Erica.
Erica is heavily wounded.
You closely miss Erica.
Erica is heavily wounded.
Erica hits you with a +4 scimitar of flaming!
* * * LOW HITPOINT WARNING * * *
Erica burns you.
* * * LOW HITPOINT WARNING * * *
Your chain mail prevents you from hitting Erica.
Erica is heavily wounded.
You feel sick.
Erica hits you with a +4 scimitar of flaming.
* * * LOW HITPOINT WARNING * * *
Erica burns you.
* * * LOW HITPOINT WARNING * * *
You gain the combat prowess of a mighty hero.
Erica hits you with a +4 scimitar of flaming!
* * * LOW HITPOINT WARNING * * *
Erica burns you.
You die...

########## #..
#............. #..
#.............. #...
##.............. ....
##...............
#..###...............#
#...................##
#..@................#
#@...............#
##.%....†..........
#..................
#..#...............
#.###.............. #.
#####.......... #.
########### #.


You could see Erica.

Vanquished Creatures
  The ghost of Nygeryga the Fighter, a novice MiBe of Trog (D:6)
  An ugly thing (D:6)
  Joseph (D:8)
  A kobold demonologist (D:6)
  Grinder (D:4)
  A hungry ghost (D:8)
  An ice beast (D:5)
  A sky beast (D:6)
  6 ogres
  2 centaurs
  6 big kobolds (D:6)
  Blork the orc (D:6)
  2 bullfrogs
  2 scorpions
  6 killer bees (D:7)
  3 crimson imps
  2 hounds
  A centaur skeleton (D:7)
  4 orc priests
  3 orc wizards (D:5)
  Crazy Yiuf (D:5)
  2 gnoll shamans
  3 iguanas
  4 worker ants
  A killer bee zombie (D:7)
  A hound skeleton (D:3)
  A howler monkey zombie (D:6)
  9 gnolls
  A howler monkey skeleton (D:7)
  6 adders
  A shadow imp (D:5)
  2 oozes
  An adder skeleton (D:5)
  2 worms
  2 dart slugs
  4 leopard geckos
  17 orcs
  7 bats
  12 giant cockroaches
  5 goblins
  7 hobgoblins
  13 jackals
  8 kobolds
  4 quokkas
  A ball python (D:2)
  7 frilled lizards
  2 quokka skeletons (D:5)
  12 rats
182 creatures vanquished.

Vanquished Creatures (others)
  3 fungi (D:6)
  A plant (D:6)
4 creatures vanquished.

Grand Total: 186 creatures vanquished

Notes
Turn   | Place    | Note
-------+----------+-------------------------------------------
     0 | D:1      | Kikorro the Hill Orc Fighter began the quest for the Orb.
     0 | D:1      | Reached XP level 1. HP: 19/19 MP: 1/1
    43 | D:1      | Reached XP level 2. HP: 4/27 MP: 2/2
   340 | D:1      | Reached skill level 3 in Axes
   489 | D:1      | Reached XP level 3. HP: 31/33 MP: 3/3
  1110 | D:2      | Found an ancient bone altar of Kikubaaqudgha.
  1421 | D:2      | Reached XP level 4. HP: 40/40 MP: 4/4
  1924 | D:3      | Reached skill level 4 in Axes
  2095 | D:3      | Found a basalt altar of Yredelemnul.
  2196 | D:3      | Reached XP level 5. HP: 40/46 MP: 5/5
  2589 | D:4      | HP: 2/46 [orc priest/+0 morningstar (4)]
  2921 | D:4      | Noticed Grinder
  2944 | D:4      | Killed Grinder
  2944 | D:4      | Reached skill level 5 in Axes
  2944 | D:4      | Reached skill level 5 in Shields
  2944 | D:4      | Reached XP level 6. HP: 42/53 MP: 6/6
  3025 | D:4      | Found a staircase to the Ecumenical Temple.
  3031 | Temple   | Entered the Ecumenical Temple
  3155 | Temple   | Became a worshipper of Warmaster Okawaru
  3206 | D:4      | Found an opulent altar of Gozag.
  3328 | D:4      | Found a white marble altar of Elyvilon.
  3624 | D:4      | Reached skill level 6 in Axes
  3631 | D:4      | Reached XP level 7. HP: 18/60 MP: 7/7
  4040 | D:5      | Entered Level 5 of the Dungeon
  4179 | D:5      | Found a burning altar of Makhleb.
  4484 | D:5      | Reached skill level 7 in Axes
  4550 | D:5      | Reached skill level 5 in Fighting
  4756 | D:5      | Reached * piety under Okawaru
  4817 | D:5      | Reached skill level 5 in Armour
  4817 | D:5      | Reached XP level 8. HP: 42/68 MP: 5/8
  5154 | D:5      | Reached skill level 8 in Axes
  5418 | D:5      | Found a runed translucent door.
  5419 | D:5      | Noticed Crazy Yiuf
  5467 | D:5      | Reached skill level 1 in Dodging
  5744 | D:5      | Killed Crazy Yiuf
  5947 | D:6      | Found a burning altar of Makhleb.
  6114 | D:6      | Noticed a green ugly thing
  6127 | D:6      | Killed a green ugly thing
  6127 | D:6      | Reached skill level 9 in Axes
  6231 | D:6      | Reached XP level 9. HP: 69/75 MP: 9/9
  6302 | D:6      | Reached ** piety under Okawaru
  6309 | D:6      | Reached skill level 10 in Axes
  6402 | D:6      | Noticed Nygeryga's ghost (novice MiBe)
  6403 | D:6      | Found a runed translucent gate.
  6403 | D:6      | Found a runed translucent gate.
  6403 | D:6      | Found a runed translucent gate.
  6403 | D:6      | Identified the +8 short sword of Indignation {chaos, *Slow
                  | rElec Int+2 Dex+2}
  6406 | D:6      | Noticed a kobold demonologist
  6462 | D:6      | Noticed Blork the orc
  6469 | D:6      | Killed Blork the orc
  6983 | D:6      | Noticed a soul eater
  7330 | D:6      | Cast into level 1 of the Abyss (big kobold)
  7370 | D:6      | Escaped the Abyss
  7586 | D:6      | Noticed a red devil
  7591 | D:6      | Killed a kobold demonologist
  7611 | D:6      | Killed Nygeryga's ghost
  7611 | D:6      | Reached *** piety under Okawaru
  7611 | D:6      | Reached skill level 11 in Axes
  7611 | D:6      | Reached skill level 1 in Invocations
  7933 | D:6      | Reached skill level 1 in Evocations
  8068 | D:6      | Reached XP level 10. HP: 74/86 MP: 10/10
  8604 | D:7      | Found a snail-covered altar of Cheibriados.
  8867 | D:7      | Reached skill level 12 in Axes
  8876 | D:7      | Found a radiant altar of Vehumet.
  9099 | D:7      | Found a bloodstained altar of Trog.
  9183 | D:7      | Found a hazy altar of Hepliaklqana.
  9339 | D:8      | Noticed Joseph
  9356 | D:8      | Killed Joseph
  9356 | D:8      | Reached **** piety under Okawaru
  9449 | D:8      | Noticed Erica
  9468 | D:8      | Slain by Erica

Skill      XL: |  1  2  3  4  5  6  7  8  9 10 |
---------------+-------------------------------+-----
Fighting       | 4 5 6 7 8 |  8.2
Axes           | 3 4 5 6 7 9 11 12 | 12.3
Shields        | 4 5 6 7 8 |  8.5
Armour         | 4 5 6 7 |  7.3
Dodging        | 1 |  1.7
Invocations    | 1 |  1.0
Evocations     | 1 |  1.0
Stealth        | |  0.3

Action                   |  1- 3 |  4- 6 |  7- 9 | 10-12 || total
-------------------------+-------+-------+-------+-------++-------
Melee: War axe           |   174 |   126 |   376 |   152 ||   828
Invok: Heroism           |       |       |     4 |     3 ||     7
 Abil: Evoke Berserk Rag |       |       |     2 |       ||     2
  Use: Scroll            |     6 |     2 |     6 |       ||    14
       Potion            |       |     1 |       |       ||     1
  Eat: Chunk             |     2 |     5 |    10 |     4 ||    21
       Ration            |       |     1 |     2 |     1 ||     4
Armor: Scale mail        |    87 |       |       |       ||    87
       Chain mail        |    27 |    40 |   182 |    61 ||   310
Dodge: Dodged            |    68 |    37 |    97 |    42 ||   244
Block: Shield            |   108 |    64 |   208 |    84 ||   464
